 Dungeon Crawl Stone Soup version 0.31-a0-841-g038b102fc3 (webtiles) character file.

Game seed: 6196929808985065329

414 javelincjr the Changeling (level 6, -1/47 HPs)
             Began as a Merfolk Shapeshifter on Sept 27, 2023.
             Slain by a scorpion (5 damage)
             ... on level 5 of the Dungeon.
             The game lasted 00:08:01 (3351 turns).

javelincjr the Changeling (Merfolk Shapeshifter)    Turns: 3351, Time: 00:08:02

Health: -1/47      AC:  2    Str: 17    XL:     6   Next: 91%
Magic:  6/6        EV: 13    Int:  9    God:
Gold:   273        SH:  0    Dex: 13    Spells: 5/5 levels left

rFire   . . .        k - +0 dagger (drain)
rCold   . . .        (no shield)
rNeg    . . .        a - +0 animal skin
rPois   .            (helmet currently unavailable)
rElec   .            (cloak currently unavailable)
rCorr   .            (gloves currently unavailable)
SInv    .            (boots currently unavailable)
Will    .....        l - amulet of magic regeneration
Stlth   +            (no ring)
HPRegen 0.27/turn    (no ring)
MPRegen 0.50/turn

%: no passive effects
@: lethally poisoned (-1 -> -12), beast-form
A: beast (slay +3), (nimble swimmer 2), mertail
a: Begin Untransformation


You were on level 5 of the Dungeon.
You were a hulking beast.
You visited 1 branch of the dungeon, and saw 5 of its levels.

You collected 273 gold pieces.

Inventory:

Hand Weapons
 k - a +0 dagger of draining (weapon)
Missiles
 w - 4 poisoned darts (quivered)
Armour
 a - a +0 animal skin (worn)
 f - a +0 pair of boots
 i - a +0 helmet
Jewellery
 l - an amulet of magic regeneration (around neck)
 q - an amulet of faith
 u - a ring of fire
Talismans
 c - a beast talisman (active)
 d - a flux talisman
 o - a maw talisman
Scrolls
 e - 2 scrolls of fog {unknown}
 g - 2 scrolls of vulnerability {unknown}
 j - 2 scrolls of blinking {unknown}
 p - a scroll of poison {unknown}
 r - a scroll of amnesia {unknown}
 s - a scroll of silence {unknown}
 v - a scroll of butterflies {unknown}
 x - a scroll of enchant armour {unknown}
Potions
 b - 2 potions of lignification
 h - 2 potions of might {unknown}
 m - 2 potions of curing {unknown}
 n - a potion of resistance {unknown}
 t - a potion of attraction {unknown}


   Skills:
 + Level 3.5 Fighting
 + Level 4.8 Dodging
 + Level 4.7 Unarmed Combat
 * Level 6.4 Shapeshifting


You had 5 spell levels left.
You didn't know any spells.
Your spell library contained the following spells:

 Spells                   Type           Power      Damage    Failure   Level
 Freeze                   Ice            0%         1d3       38%         1
 Sting                    Tmut/Pois      0%         1d3       38%         1
 Summon Small Mammal      Summ           0%         N/A       38%         1
 Ensorcelled Hibernation  Hex/Ice        0%         N/A       52%         2
 Jinxbite                 Hex            0%         N/A       52%         2
 Poisonous Vapours        Pois/Air       0%         N/A       52%         2
 Call Canine Familiar     Summ           0%         N/A       77%         3
 Frozen Ramparts          Ice            0%         1d1       77%         3
 Hailstorm                Conj/Ice       0%         3d3       77%         3
 Summon Guardian Golem    Hex/Summ       0%         N/A       77%         3
 Anguish                  Hex/Necr       0%         N/A       99%         4
 Olgreb's Toxic Radiance  Pois           0%         N/A       99%         4


Dungeon Overview and Level Annotations

Branches:
Dungeon (5/15)
 Temple: D:4-7

Altars:

Shops:
D:1 [


Innate Abilities, Weirdness & Mutations

You are a hulking beast.
Your limbs bulge with bestial killing power. (Slay +3)
((You are very nimble when in or above water. (Stealth+, EV+, Speed+++)))
Your lower body shifts to a powerful aquatic tail in water.


Message History

The hound bites you but does no damage.
You hit the hound.
The hound is severely wounded.
The scorpion barely misses you. The hound barely misses you.
You closely miss the hound.
The hound is severely wounded.
The hound bites you. The scorpion barely misses you. The hound bites you.
You closely miss the hound.
The hound is severely wounded.
The scorpion closely misses you. The hound barely misses you.
The scorpion stings you.
You completely miss the hound.
The hound is severely wounded.
The hound bites you. The scorpion stings you.
The hound bites you but does no damage.
You are too injured to fight recklessly!
You are too injured to fight recklessly!
You are too injured to fight recklessly!
You hit the hound.
You kill the hound!
The scorpion stings you.
You are poisoned.
The scorpion poisons you!
You feel very sick. The scorpion closely misses you.
You hit the scorpion. You drain the scorpion.
The scorpion is moderately wounded.
You feel sick. The scorpion closely misses you.
You hit the scorpion.
The scorpion is heavily wounded.
You feel sick. The scorpion closely misses you. The scorpion stings you.
* * * LOW HITPOINT WARNING * * *
You are lethally poisoned!
The scorpion poisons you!
You hit the scorpion but do no damage.
The scorpion is heavily wounded.
* * * LOW HITPOINT WARNING * * *
You feel very sick. The scorpion stings you.
You die...

#.##.##..#.#
.....###.#.#
#....###.#.## #
#.##........######
#.####.##.............#
#.....................#
......................#
......†....###..##....#
......sh...# #..# ..).#
........?..# ##..#....#
#.........## #..#....#
.....#.....# #..# ..#
............# #.#
.............# ..
.......!.....#
.............#


You could see a scorpion (drained).

Vanquished Creatures
  An ogre (D:4)
  A howler monkey (D:4)
  3 hounds
  An orc priest (D:4)
  An iguana (D:3)
  A sleepcap (D:4)
  6 adders
  2 worms (D:4)
  A dart slug (D:3)
  3 orcs (D:4)
  6 ball pythons
  4 bats (D:1)
  5 endoplasms
  2 giant cockroaches (D:1)
  5 goblins
  10 hobgoblins
  2 kobolds
  A quokka (D:1)
  2 frilled lizards
  6 rats
63 creatures vanquished.

Notes
Turn   | Place    | Note
-------+----------+-------------------------------------------
     0 | D:1      | javelincjr the Merfolk Shapeshifter began the quest for the
                  | Orb.
     0 | D:1      | Reached XP level 1. HP: 15/15 MP: 1/1
   176 | D:1      | Found a faded altar of an unknown god.
   199 | D:1      | Reached XP level 2. HP: 21/21 MP: 2/2
   282 | D:1      | Found Gugony's Antique Armour Boutique.
   892 | D:2      | Reached XP level 3. HP: 23/27 MP: 3/3
  1675 | D:3      | Reached XP level 4. HP: 5/34 MP: 4/4
  2042 | D:3      | Reached skill level 5 in Shapeshifting
  2289 | D:4      | Reached XP level 5. HP: 19/39 MP: 5/5
  2395 | D:4      | Noticed an ogre
  2406 | D:4      | Killed an ogre
  2578 | D:4      | Reached XP level 6. HP: 45/47 MP: 6/6
  2606 | D:4      | Reached skill level 6 in Shapeshifting
  3320 | D:5      | Entered Level 5 of the Dungeon
  3351 | D:5      | Slain by a scorpion

Illustrated notes

Levels and vault maps discovered:
D:1:      dpeg_arrival_prison, layout_basic, basic_ecumenical_altar,
          serial_shops, nicolae_shop_tiny_statue_garden, chequers_big_river,
          minmay_small_reverse_x
D:2:      layout_basic, nicolae_houndstooth_variations
D:3:      layout_basic
D:4:      layout_loops_ring
D:5:      layout_rooms, minmay_temple_entry_hall

Skill      XL: |  1  2  3  4  5  6 |
---------------+-------------------+-----
Dodging        | 3 4 |  4.8
Fighting       | 2 3 |  3.5
Unarmed Combat | 4 |  4.7
Shapeshifting  | 5 6 |  6.4

Action                     |  1- 3 |  4- 6 || total
---------------------------+-------+-------++-------
  Melee: Unarmed           |    56 |       ||    56
         Punch             |     2 |     6 ||     8
         Dagger            |    47 |   127 ||   174
         Tailslap          |     2 |       ||     2
  Throw: Dart              |       |     4 ||     4
   Stab: Sleeping          |     5 |     1 ||     6
 Armour: Animal skin       |    38 |    63 ||   101
  Dodge: Dodged            |    55 |    71 ||   126

Table legend: (Time is in decaauts)
 A = Elapsed time spent in this place.
 B = Non-inter-level travel time spent in this place.
 C = Inter-level travel time spent in this place.
 D = Time resting spent in this place.
 E = Time spent auto-exploring this place.
 F = Levels seen in this place.
 G = Mean time per level.
                   A        B        C        D        E       F      G
               +--------+--------+--------+--------+--------+-----+--------+
         Total |   3333 |   3221 |    112 |    134 |   2602 |   5 |  666.6 |
       Dungeon |   3333 |   3221 |    112 |    134 |   2602 |   5 |  666.6 |
               +--------+--------+--------+--------+--------+-----+--------+

Top non-repeatable levels by time:
     D:4: 1123 daAuts
     D:2: 820 daAuts
     D:1: 706 daAuts
     D:3: 650 daAuts
     D:5: 30 daAuts
